 Seeded DCSS version 0.31-a0-544-gceb718ecc6 (webtiles) character file.

Game seed: 3826825538972431165 (custom seed)

6 innerfire43 the Ruffian (level 1, 17/17 HPs)
             Began as a Gnoll Shapeshifter on Aug 15, 2023.
             Got out of the dungeon alive.
             The game lasted 00:00:44 (239 turns).

innerfire43 the Ruffian (Gnoll Shapeshifter)         Turns: 239, Time: 00:00:45

Health: 17/17      AC:  2    Str: 14    XL:     1   Next: 90%
Magic:  1/1        EV: 13    Int:  7    God:
Gold:   13         SH:  0    Dex: 12    Spells: 0/0 levels left

rFire   . .          .
                       - Unarmed
rCold   . . .        (no shield)
rNeg    . . .        a - +0 animal skin
rPois   .            (helmet currently unavailable)
rElec   .            (cloak currently unavailable)
rCorr   .            (gloves currently unavailable)
SInv    .            (boots currently unavailable)
Will    .....        (no amulet)
Stlth   +            (no ring)
HPRegen 0.22/turn    (no ring)
MPRegen 0.07/turn

%: no passive effects
@: beast-form
A: beast (slay +4), fangs 1, strong nose, distributed training
a: Begin Untransformation


You escaped.
You were a hulking beast.
You visited 1 branch of the dungeon, and saw 1 of its levels.

You collected 13 gold pieces.

Inventory:

Armour
 a - a +0 animal skin (worn)
Talismans
 c - a beast talisman (active)
 d - a flux talisman
Scrolls
 e - a scroll of acquirement
 f - 2 scrolls of vulnerability {unknown}
 g - a scroll of amnesia {unknown}
Potions
 b - a potion of lignification


   Skills:
 + Level 2.4 Fighting
 + Level 0.2 Short Blades
 + Level 0.2 Long Blades
 + Level 0.2 Axes
 + Level 0.2 Maces & Flails
 + Level 0.2 Polearms
 + Level 0.2 Staves
 + Level 0.2 Ranged Weapons
 + Level 0.2 Throwing
 + Level 0.2 Armour
 + Level 4.4 Dodging
 + Level 0.2 Stealth
 + Level 0.2 Shields
 + Level 6.4 Unarmed Combat
 + Level 0.2 Spellcasting
 + Level 0.1 Conjurations
 + Level 0.1 Hexes
 + Level 0.1 Summonings
 + Level 0.1 Necromancy
 + Level 0.1 Translocations
 + Level 0.1 Transmutations
 + Level 0.1 Fire Magic
 + Level 0.1 Ice Magic
 + Level 0.1 Air Magic
 + Level 0.1 Earth Magic
 + Level 0.1 Poison Magic
 + Level 0.3 Invocations
 + Level 0.2 Evocations
 + Level 6.4 Shapeshifting


You couldn't memorise any spells.
You didn't know any spells.
Your spell library was empty.

Dungeon Overview and Level Annotations

Branches:
Dungeon (1/15)

Altars:


Innate Abilities, Weirdness & Mutations

You are a hulking beast.
Your limbs bulge with bestial killing power. (Slay +4)
You have very sharp teeth.
Your uncanny sense of smell can sniff out nearby items.
Your experience applies equally to all skills.


Message History

The bat closely misses you. The bat hits you. The bat misses you.
You miss the bat. The bat misses you. The bat hits you but does no damage.
The bat completely misses you. The bat hits you. The bat closely misses you.
The bat barely misses you.
The bat hits the plant.
The plant begins to die.
The bat hits you.
You hit the bat but do no damage. The bat closely misses you.
The bat hits the plant.
You hit the bat.
You kill the bat!
No target in view!
A nearby plant withers and dies.
You open the door.
There is an open door here.
g - a scroll labelled QOITEI TUPT No target in view!
A rat comes into view.
This is a scroll of acquirement!
Unknown command.
The rat barely misses you.
You punch the rat!
You kill the rat!
No target in view!
There is an open door here.
A rat comes into view.
The rat bites the plant.
The plant begins to die.
A nearby plant withers and dies.
The rat bites you but does no damage.
You punch the rat!
You kill the rat!
No target in view!
You see here a rat corpse.
Found a leather armour.
A nearby plant withers and dies.
A frilled lizard comes into view.
The frilled lizard hisses angrily.
There is a staircase leading out of the dungeon here.
You have escaped! .P..PPPP†PPP.PPP.PPPPP.P#.# [.P.PP..PPP.P.PPP.PPP.PP..# .PPP.PP.PP.PPP.PP.PP.PPP..# .P.PP.....PPPPP.....PPPP#.#.# ..P.....PP.PPP.PP.PP.PPP..#.# ..P.P...PPP.P.PPP.PPP.PP#.#.# .P..PPPP.PPP.PPP.PPPPP.P#.#.# .....PPPP.PP.PP.PPPPPP.P# #.# .....PPPPP..h..PPPPPPP.P#.#.# ...PPPPPPPPP.PPPPPPPPP.P#.#.# ..P.PPPPPPP.PPPPPPPPP.P#.... ...PPPPP.P.PPPPPPP.PP###.# ..PP.P.PPP.PPPPP.PPP##..# ..l..PPPPP.....PPPP...## P..PPPPPPPPP.P.PPPP#..# .............†....#...# .#####.........###

You could see a frilled lizard.

Vanquished Creatures
  A bat (D:1)
  A goblin (D:1)
  A kobold (D:1)
  A ball python (D:1)
  2 rats (D:1)
6 creatures vanquished.

Notes
Turn   | Place    | Note
-------+----------+-------------------------------------------
     0 | D:1      | innerfire43 the Gnoll Shapeshifter began the quest for the
                  | Orb.
     0 | D:1      | Reached XP level 1. HP: 17/17 MP: 1/1
   205 | D:1      | Identified a scroll of acquirement
   239 | D:$      | Got out of the dungeon alive.

Illustrated notes

Levels and vault maps discovered:
D:1:      roderic_crop_circles_arrival_large, layout_basic

Action                     || total
---------------------------++-------
  Melee: Unarmed           ||    13
 Armour: Animal skin       ||     6
  Dodge: Dodged            ||    20

Table legend: (Time is in decaauts)
 A = Elapsed time spent in this place.
 B = Non-inter-level travel time spent in this place.
 C = Inter-level travel time spent in this place.
 D = Time resting spent in this place.
 E = Time spent auto-exploring this place.
 F = Levels seen in this place.
 G = Mean time per level.
                   A        B        C        D        E       F      G
               +--------+--------+--------+--------+--------+-----+--------+
         Total |    237 |    219 |     18 |      0 |    148 |   1 |  237.0 |
       Dungeon |    237 |    219 |     18 |      0 |    148 |   1 |  237.0 |
               +--------+--------+--------+--------+--------+-----+--------+

Top non-repeatable levels by time:
     D:1: 237 daAuts
